 Dungeon Crawl Stone Soup version 0.22-a0-346-ga714374 (webtiles) character file.

2679 grindst0ne the Covert (level 9, 0/54 HPs)
             Began as an Octopode Assassin on Apr 6, 2018.
             Was an Elder of Cheibriados.
             Killed by divine providence
             ... invoked by an orc priest
              (10 damage)
             ... on level 8 of the Dungeon.
             The game lasted 00:15:24 (7495 turns).

grindst0ne the Covert (Octopode Assassin)           Turns: 7495, Time: 00:15:24

Health: 0/54       AC:  2    Str: 20    XL:     9   Next: 64%
Magic:  13/13      EV: 19    Int: 23    God:    Cheibriados [****..]
Gold:   361        SH:  9    Dex: 27    Spells: 8/8 levels left

rFire    + . .     SeeInvis .   a - +2 dagger
rCold    . . .     Gourm    .   y - +0 buckler
rNeg     . . .     Faith    .   g - +1 hat
rPois    .         Spirit   .   w - +2 amulet of reflection
rElec    .         Reflect  +   E - ring of protection from fire
rCorr    .         Harm     .   (no ring)
MR       .....                  (no ring)
Stlth    ++++++....             (no ring)
HPRegen  0.18/turn              (no ring)
MPRegen  0.13/turn              (no ring)
                                (no ring)
                                (no ring)

@: very slow
A: almost no armour, stealthy swim, amphibious, 8 rings, constrict 8, camouflage
1, gelatinous body 1
a: Bend Time, Temporal Distortion, Slouch, Renounce Religion


You were on level 8 of the Dungeon.
You worshipped Cheibriados.
Cheibriados was greatly pleased with you.
You were not hungry.

You visited 2 branches of the dungeon, and saw 9 of its levels.
You also visited: Sewer.

You collected 361 gold pieces.

Inventory:

Hand Weapons
 a - a +2 dagger (weapon)
 b - a +0 blowgun
 j - a +3 short sword
Missiles
 c - 46 poisoned needles
 D - 4 curare-tipped needles
Armour
 g - a +1 hat (worn)
 y - a +0 buckler (worn)
Jewellery
 w - a +2 amulet of reflection (around mantle)
 A - a cursed amulet of inaccuracy {unknown}
 C - an uncursed amulet of faith {unknown}
 E - a ring of protection from fire (left tentacle)
Wands
 z - a wand of scattershot (3)
Scrolls
 i - 2 scrolls of teleportation
 n - 2 scrolls of fear
 o - 4 scrolls of remove curse
 p - 5 scrolls of fog
 r - a scroll of noise
 v - a scroll of immolation {unknown}
 x - 2 scrolls of blinking
 B - a scroll of enchant weapon {unknown}
 F - a scroll of enchant armour {unknown}
Potions
 e - 4 potions of might
 h - a potion of heal wounds
 k - 2 potions of magic
 l - 3 potions of ambrosia {unknown}
 m - 4 potions of lignification {unknown}
 q - 4 potions of agility
 s - a potion of invisibility {unknown}
 t - 2 potions of curing
 u - a potion of berserk rage {unknown}
Comestibles
 f - 15 rations


   Skills:
 - Level 2.0 Fighting
 - Level 2.0 Short Blades
 + Level 6.5 Throwing
 + Level 6.3 Dodging
 - Level 8.2 Stealth
 * Level 6.0 Shields
 * Level 5.8 Invocations


You had 8 spell levels left.
You didn't know any spells.

Dungeon Overview and Level Annotations

Branches:
Dungeon (8/15)             Temple (1/1) D:4
   Lair: D:8-11

Altars:
Cheibriados
Fedhas
Gozag
Hepliaklqana
Kikubaaqudgha
Makhleb
Nemelex Xobeh
Qazlal
Sif Muna
Uskayaw
Vehumet
Wu Jian
Xom
Yredelemnul

Annotations:
D:6 exclusion: downstairs


Innate Abilities, Weirdness & Mutations

You cannot wear most types of armour.
You are very stealthy in the water. (Stealth+)
You are amphibious.
You can wear up to eight rings at the same time.
You can use your tentacles to constrict eight enemies at once.
Your skin changes colour to match your surroundings (Stealth+).
Your rubbery body absorbs attacks. (AC +1, EV +1)


Message History

Found a naga barding.
The orc shouts!
The orc warrior shouts!
You hear a shout!
An orc priest comes into view. It is wielding a dagger.
You block the orc's attack.
The orc priest calls down the wrath of Beogh upon you.
Beogh smites you! The orc misses you.
You hit the orc.
You kill the orc!
Cheibriados thoroughly appreciates the change of pace.
You block the orc warrior's attack.
The orc priest mumbles some strange prayers to Beogh against you.
Beogh smites you! The orc warrior misses you.
The orc priest mumbles some strange prayers to Beogh against you.
Beogh smites you! The orc warrior hits you with a mace!
* * * LOW HITPOINT WARNING * * *
The orc priest begins to cast a cantrip, but forgets the words!
The orc priest invokes the aid of Beogh against you.
Beogh smites you!
You die...

#.### #...#
#####.######...
#......<.......
#.###..#######. # .#
##.## .##...
#..########......
..#####...............
..........@o##.#.#....
......................
...#########..?o......
.. #..........
#..).......
#..........
#..........
#.......[..
###########


You could see an orc warrior and an orc priest.

Vanquished Creatures
  Grinder (D:5)
  A hungry ghost (D:7)
  2 sky beasts
  A black bear (D:7)
  3 orc warriors
  A phantom (D:4)
  2 ogres
  2 centaurs (D:7)
  A big kobold (Sewer)
  2 bullfrogs (D:7)
  A scorpion (D:7)
  2 crimson imps
  A quasit (D:7)
  2 centaur zombies
  2 hounds
  5 orc priests
  A gnoll shaman (D:6)
  6 orc wizards
  Terence (D:3)
  2 iguanas
  4 worker ants
  A hound zombie (D:6)
  2 hound skeletons
  A mummy (D:7)
  7 adders
  7 river rats
  2 shadow imps
  2 oozes (D:3)
  An adder skeleton (D:6)
  3 adder zombies
  4 worms
  3 dart slugs
  5 leopard geckos
  27 orcs
  6 giant cockroaches
  10 goblins
  7 hobgoblins
  11 jackals
  17 kobolds
  4 quokkas
  8 ball pythons
  A ball python skeleton (D:5)
  7 bats
  3 frilled lizards
  A leopard gecko skeleton (D:4)
  A quokka skeleton (D:5)
  30 rats
214 creatures vanquished.

Vanquished Creatures (others)
  A hound (D:6)
  A gnoll shaman (D:6)
  A gnoll (D:6)
3 creatures vanquished.

Grand Total: 217 creatures vanquished

Notes
Turn   | Place    | Note
-------+----------+-------------------------------------------
     0 | D:1      | grindst0ne the Octopode Assassin began the quest for the Orb.
     0 | D:1      | Reached XP level 1. HP: 14/14 MP: 1/1
   133 | D:1      | Reached XP level 2. HP: 16/19 MP: 2/2
   473 | D:1      | Reached XP level 3. HP: 22/24 MP: 3/3
   491 | D:1      | You fall through a shaft!
   507 | D:2      | Reached skill level 6 in Stealth
  1020 | D:2      | Reached XP level 4. HP: 29/29 MP: 4/4
  1301 | D:3      | Found a blossoming altar of Fedhas.
  1444 | D:3      | Noticed Terence
  1458 | D:3      | Killed Terence
  1459 | D:3      | Reached XP level 5. HP: 10/34 MP: 5/5
  2241 | D:4      | Found a staircase to the Ecumenical Temple.
  2260 | Temple   | Entered the Ecumenical Temple
  2323 | Temple   | Became a worshipper of Cheibriados the Contemplative
  2374 | D:4      | Found a hazy altar of Hepliaklqana.
  2410 | D:4      | Reached skill level 7 in Stealth
  2417 | D:4      | Reached XP level 6. HP: 18/39 MP: 6/6
  2485 | D:4      | Found a glowing drain.
  2506 | D:4      | HP: 1/39 [jackal (3)]
  2540 | D:4      | Noticed a phantom
  2547 | D:4      | Reached * piety under Cheibriados
  2562 | D:4      | Killed a phantom
  2584 | Sewer    | Entered a sewer
  3573 | Sewer    | Reached ** piety under Cheibriados
  3707 | Sewer    | Reached skill level 8 in Stealth
  3707 | Sewer    | Reached XP level 7. HP: 26/45 MP: 7/7
  4299 | D:4      | Found an opulent altar of Gozag.
  4370 | D:4      | Reached *** piety under Cheibriados
  4498 | D:5      | Entered Level 5 of the Dungeon
  4499 | D:5      | Noticed Grinder
  4502 | D:5      | Killed Grinder
  4502 | D:5      | Reached skill level 5 in Throwing
  4553 | D:5      | Reached XP level 8. HP: 48/50 MP: 8/8
  4593 | D:5      | Reached skill level 5 in Dodging
  4680 | D:5      | Found an ornate altar of the Wu Jian Council.
  4768 | D:5      | Reached skill level 1 in Invocations
  5211 | D:6      | Found a shimmering altar of Xom.
  5544 | D:6      | Reached **** piety under Cheibriados
  5873 | D:6      | Found a burning altar of Makhleb.
  6257 | D:7      | Reached XP level 9. HP: 30/54 MP: 10/12
  6576 | D:7      | Reached skill level 5 in Shields
  6749 | D:7      | Reached skill level 5 in Invocations
  7495 | D:8      | Killed from afar by an orc priest

Vault maps used:
D:1:      elethiomel_arrival_infinity_welcomes_careful_drivers,
          minmay_misc_feat_ornament
D:3:      fedhas_altar_2, first_ration, uniq_terence
D:4:      lemuel_round_altar, lemuel_crystal_altar, temple_doors_e,
          portal_sewer_entry_c
D:5:      lemuel_doored_altar, corexii_shack, uniq_grinder
D:6:      xom_confusion_cloud, lemuel_crystal_altar,
          corexii_item_surrounded_by_moat
D:7:      gup_ossuary_entry_pyramid, uniq_crazy_yiuf_cottage
D:8:      lair_entry_dummy, the_bakery
Temple:   regret_index_temple_generic_petals
Sewer:    sewer_minmay_treatment

Skill      XL: |  1  2  3  4  5  6  7  8  9 |
---------------+----------------------------+-----
Dodging        | 2 3 4 5 6 |  6.3
Stealth        | 6 7 8 |  8.2
Throwing       | 3 4 5 6 |  6.5
Shields        | 2 4 6 |  6.0
Invocations    | 4 5 |  5.8
Fighting       | |  2.0
Short Blades   | |  2.0

Action                   |  1- 3 |  4- 6 |  7- 9 || total
-------------------------+-------+-------+-------++-------
Melee: Dagger            |    53 |   195 |   202 ||   450
       Constrict         |    11 |    43 |    50 ||   104
       Tentacles         |     3 |    46 |    68 ||   117
       Blowgun           |       |       |     1 ||     1
 Fire: Blowgun           |       |       |    30 ||    30
  Use: Scroll            |       |     9 |     3 ||    12
       Potion            |       |     6 |     7 ||    13
 Stab: Sleeping          |    18 |    16 |    22 ||    56
       Distracted        |       |     1 |       ||     1
  Eat: Chunk             |       |     7 |     7 ||    14
Armor: Skin              |     3 |     9 |     7 ||    19
Dodge: Dodged            |    25 |   161 |   131 ||   317
Block: Buckler           |       |       |    70 ||    70
       Reflection        |       |       |     4 ||     4

Table legend:
 A = Spawn XP
 B = Non-spawn XP
 C = Spawn XP percentage of total XP
 D = Spawn monster count
 E = Non-spawn monster count
 F = Spawn count percentage of total count
 G = Total turns spent on level
                    A         B        C        D         E        F      G
               +---------+---------+-------+---------+---------+-------+---------
         Total |       0 |    3828 |   0.0 |       0 |     214 |   0.0 |  7495
               +---------+---------+-------+---------+---------+-------+---------
           D:1 |       0 |      42 |   0.0 |       0 |      25 |   0.0 |   836
           D:2 |       0 |      52 |   0.0 |       0 |      15 |   0.0 |   437
           D:3 |       0 |     137 |   0.0 |       0 |      19 |   0.0 |   878
           D:4 |       0 |     374 |   0.0 |       0 |      34 |   0.0 |   816
           D:5 |       0 |     591 |   0.0 |       0 |      12 |   0.0 |   434
           D:6 |       0 |     824 |   0.0 |       0 |      29 |   0.0 |  1584
           D:7 |       0 |    1579 |   0.0 |       0 |      31 |   0.0 |   958
           D:8 |       0 |       3 |   0.0 |       0 |       1 |   0.0 |    21
         Sewer |       0 |     226 |   0.0 |       0 |      48 |   0.0 |  1429
               +---------+---------+-------+---------+---------+-------+---------
